 Dungeon Crawl Stone Soup version 0.27-a0-650-g8dd3ea4f36 (webtiles) character file.

Game seed: 12726195831404176669

18 Lanoc the Charlatan (level 2, -1/25 HPs)
             Began as a Hill Orc Artificer on Mar 15, 2021.
             Slain by an ooze (2 damage)
             ... on level 2 of the Dungeon.
             The game lasted 00:01:09 (1094 turns).

Lanoc the Charlatan (Hill Orc Artificer)            Turns: 1094, Time: 00:01:10

Health: -1/25      AC:  3    Str: 20    XL:     2   Next: 66%
Magic:  2/2        EV: 11    Int: 11    God:
Gold:   25         SH:  0    Dex: 11    Spells: 1/1 levels left

rFire    . . .     SeeInvis .   a - +0 club
rCold    . . .     Faith    .   (no shield)
rNeg     . . .     Spirit   .   b - +0 leather armour
rPois    .         Reflect  .   (no helmet)
rElec    .         Harm     .   (no cloak)
rCorr    .         Rampage  .   (no gloves)
Will     .....                  (no boots)
Stlth    +.........             (no amulet)
HPRegen  0.08/turn              i - +6 ring of strength
MPRegen  0.08/turn              (no ring)

@: no status effects
A: no striking features
a: no special abilities


You were on level 2 of the Dungeon.
You visited 1 branch of the dungeon, and saw 2 of its levels.

You collected 25 gold pieces.

Inventory:

Hand Weapons
 a - a +0 club (weapon)
Armour
 b - a +0 leather armour (worn)
Jewellery
 i - a +6 ring of strength (right hand)
Wands
 c - a wand of flame (15) (quivered)
 d - a wand of charming (15)
 e - a wand of random effects (15)
Scrolls
 f - a scroll of identify {unknown}
 g - a scroll of noise {unknown}
 j - a scroll of fear {unknown}
Potions
 h - a potion of flight {unknown}
 k - a potion of lignification {unknown}
 l - a potion of curing {unknown}
 m - a potion of might {unknown}


   Skills:
 + Level 2.3 Fighting
 - Level 2.1 Armour
 - Level 0.7 Dodging
 - Level 0.7 Stealth
 + Level 3.4 Evocations


You had one spell level left.
You didn't know any spells.
Your spell library was empty.

Dungeon Overview and Level Annotations

Branches:
Dungeon (1/15)

Altars:
Makhleb


Message History

You kill the giant cockroach!
No target in view!
A goblin comes into view.
The goblin shouts!
You see here a quokka corpse.
An ooze comes into view.
The goblin drinks a potion.
The goblin suddenly seems more resistant.
The goblin misses you.
You closely miss the goblin. The goblin barely misses you.
You barely miss the goblin. The goblin closely misses you. The ooze hits you.
The goblin hits you.
You hit the goblin.
The goblin is moderately wounded.
The ooze barely misses you. The goblin hits you but does no damage.
You closely miss the goblin.
The goblin is moderately wounded.
The ooze hits you but does no damage. The goblin hits you but does no damage.
You closely miss the goblin.
The goblin is moderately wounded.
The ooze closely misses you. The goblin hits you but does no damage.
The ooze hits you.
You closely miss the goblin.
The goblin is moderately wounded.
The goblin hits you. The ooze hits you. The goblin hits you but does no damage.
You are too injured to fight recklessly!
You are too injured to fight recklessly!
You hit the goblin.
You kill the goblin!
The ooze closely misses you. The ooze hits you.
* * * LOW HITPOINT WARNING * * *
Things that are here:
2 gold pieces; a goblin corpse You hit the ooze.
The ooze is lightly wounded.
The ooze hits you.
* * * LOW HITPOINT WARNING * * *
The ooze hits you.
You die...

.............. # ##
#............. . .#
#............. # #.#
#.............
#######.###.............
.........##...........
..._.....##........# #
.........##.....@J.#.###
.........#####..........
.........## #........##
.>........####........#
............)..†......#
..........####........#
#+#####+#.# #........#
#.# #.....# #........#
#.# #.#...####.....####


You could see an ooze.

Vanquished Creatures
  An adder (D:2)
  A giant cockroach (D:2)
  A goblin (D:2)
  2 hobgoblins (D:2)
  A quokka (D:2)
  A bat (D:1)
  2 kobolds (D:1)
9 creatures vanquished.

Notes
Turn   | Place    | Note
-------+----------+-------------------------------------------
     0 | D:1      | Lanoc the Hill Orc Artificer began the quest for the Orb.
     0 | D:1      | Reached XP level 1. HP: 16/16 MP: 1/1
   407 | D:1      | You fall into a shaft and drop 1 floor!
   953 | D:2      | Reached XP level 2. HP: 19/24 MP: 2/2
  1043 | D:2      | Found a burning altar of Makhleb.
  1094 | D:2      | HP: 1/25 [ooze (4)]
  1094 | D:2      | Slain by an ooze

Illustrated notes

Levels and vault maps discovered:
D:1:      ncdulo_smallfort, layout_basic
D:2:      layout_basic, bloody_makhleb, lemuel_coloured_pillars_altar,
          general_overflow_altar, lemuel_crystal_altar

Skill      XL: |  1 |
---------------+----+-----
Fighting       | 2 |  2.3
Armour         | |  2.1
Dodging        | |  0.7
Stealth        | |  0.7
Evocations     | |  3.4

Action                   || total
-------------------------++-------
Melee: Club              ||    49
 Stab: Sleeping          ||     1
Armor: Leather armour    ||    24
Dodge: Dodged            ||    45

Table legend: (Time is in decaauts)
 A = Elapsed time spent in this place.
 B = Non-inter-level travel time spent in this place.
 C = Inter-level travel time spent in this place.
 D = Time resting spent in this place.
 E = Time spent auto-exploring this place.
 F = Levels seen in this place.
 G = Mean time per level.
                   A        B        C        D        E       F      G
               +--------+--------+--------+--------+--------+-----+--------+
         Total |   1107 |   1107 |      0 |      0 |   1002 |   2 |  553.5 |
       Dungeon |   1107 |   1107 |      0 |      0 |   1002 |   2 |  553.5 |
               +--------+--------+--------+--------+--------+-----+--------+

Top non-repeatable levels by time:
     D:2: 695 daAuts
     D:1: 412 daAuts
